Golden Knights vs Jets

Created - 1 décembre 2017 at 15:55

Goals
1 2 3 T
Golden Knights 0 1 2 3
Jets 1 0 0 1
Shots
1 2 3 T
Golden Knights 7 13 12 32
Jets 11 13 10 34

1st period

1. Jets , Gustav Nyquist 7 (*Nico Hischier 14, Sam Reinhart 6) at 2:07

Penalties :
Mark Fraser (WIN) for Cross-checking (Minor) at 6:02, Brent Aubin (WIN) for Hooking (Minor) at 6:49, Linus Omark (GOL) for Roughing (Minor) at 9:07

2nd period

2. Golden Knights , Patrick Cehlin 1 (Zdeno Chara 14, Dennis Everberg 3) at 15:09

Penalties :
Zdeno Chara (GOL) for Hooking (Minor) at 10:37, Mark Fraser (WIN) for Goalie Interference (Minor) at 17:39

3rd period

3. Golden Knights , Joffrey Lupul 9 (Niklas Hagman 9, Jay Harrison 2) at 4:09
4. Golden Knights , Ville Leino 4 (Joffrey Lupul 8, Matt Carle 13) at 15:04

Penalties :
Mark Fraser (WIN) for Hooking (Minor) at 6:09, Mark Fraser (WIN) for Slashing (Minor) at 11:15, Tomas Surovy (WIN) for Roughing (Minor) at 12:17

Goalie Stats

Thomas McCollum (GOL), 33 saves from 34 shots - (0,971), W, 2-1-1, 60:00 minutes
Maxime Daigneault (WIN), 29 saves from 32 shots - (0,906), L, 2-4-0, 60:00 minutes

Players Stats for Golden Knights

Player Name              G  A  P  +/- PIM S  H  SB GA TA FO     MP     PP MP  PK MP  
------------------------------------------------------------------------------------
Barret Jackman           0  0  0   1  0   2  3  1  0  0  0/0    19:50   0:00   1:56 
David Perron             0  0  0   0  0   1  1  0  0  0  0/1    16:16   0:00   3:07 
Dennis Everberg          0  1  1   1  0   1  0  0  0  0  0/4     2:53   0:00   0:00 
Jay Harrison             0  1  1   1  0   3  2  0  0  0  0/0    16:19   5:03   1:06 
Joffrey Lupul            1  1  2   1  0   2  3  0  0  0  0/1    20:42   5:21   0:00 
John McCarthy            0  0  0   1  0   0  0  0  0  0  0/0     2:53   0:00   0:00 
Josef Boumedienne        0  0  0   1  0   1  0  1  0  0  0/0    12:12   0:00   2:02 
Kyle Beach               0  0  0   0  0   2  0  0  0  0  1/3    19:18   4:24   0:00 
Linus Omark              0  0  0   0  2   0  0  0  0  0  1/1    13:08   0:00   0:00 
Matt Carle               0  1  1   1  0   3  3  0  0  0  0/0    22:36   4:42   0:00 
Matt Ellison             0  0  0   0  0   1  0  0  0  0  10/24  19:18   4:24   0:00 
Niklas Hagman            0  1  1   1  0   4  0  3  0  0  0/0    21:33   5:21   0:51 
Patrick Cehlin           1  0  1   1  0   1  0  0  0  0  0/1     2:53   0:00   0:00 
Ryan Russell             0  0  0   0  0   2  0  0  0  0  13/25  16:16   0:00   3:07 
Sean Sullivan            0  0  0   0  0   1  0  1  0  0  0/0    25:12   5:03   1:56 
Viktor Tikhonov          0  0  0   0  0   2  4  0  0  0  1/4    20:09   4:24   0:51 
Ville Leino              1  0  1   1  0   4  0  0  0  0  19/32  20:42   5:21   0:00 
Zdeno Chara              0  1  1   0  2   2  6  3  0  0  0/0    23:50   4:42   0:56 

Players Stats for Jets

Player Name              G  A  P  +/- PIM S  H  SB GA TA FO     MP     PP MP  PK MP  
------------------------------------------------------------------------------------
*Nico Hischier           0  1  1   1  0   4  1  0  0  0  14/28  15:30   1:46   0:00 
Anthony Beauvillier      0  0  0  -2  0   2  2  0  0  0  8/18   20:56   0:00   5:05 
Brent Aubin              0  0  0  -1  2   0  5  0  0  0  5/10   22:35   2:25   4:22 
Brett Kulak              0  0  0  -2  0   0  0  3  0  0  0/0    13:16   0:00   0:03 
Gustav Nyquist           1  0  1   1  0   4  0  0  0  0  1/2    19:03   2:12   3:07 
Jake Muzzin              0  0  0   0  0   4  0  1  0  0  0/0    23:47   2:25   5:20 
Josh Bailey              0  0  0  -1  0   1  0  0  0  0  0/1    18:45   1:46   0:17 
Kyle MacKinnon           0  0  0   0  0   0  0  0  0  0  0/0     0:00   0:00   0:00 
Marc-Edouard Vlasic      0  0  0   0  0   3  0  0  0  0  0/0    21:29   1:33   4:25 
Mark Fraser              0  0  0  -2  8   1  3  1  0  0  0/0    13:09   0:00   0:00 
Mike Fisher              0  0  0   0  0   3  1  0  0  0  6/14   11:52   0:00   1:37 
Pavel Vorobiev           0  0  0  -2  0   4  0  0  0  0  0/1     9:32   2:12   0:00 
Raffi Torres             0  0  0   0  0   0  1  0  0  0  9/10    8:31   0:00   0:00 
Ryan Ellis               0  0  0   0  0   0  4  1  0  0  0/0    23:00   1:33   4:25 
Sam Reinhart             0  1  1   1  0   2  0  0  0  0  6/7    19:35   2:12   2:58 
Tim Jackman              0  0  0  -2  0   0  0  0  0  0  2/3     7:20   0:00   0:00 
Tomas Surovy             0  0  0  -1  2   4  8  0  0  0  0/2    22:44   1:46   4:16 
Trevor Van Riemsdyk      0  0  0   0  0   2  0  0  0  0  0/0    16:56   0:00   0:54 

3 Stars

1 - Thomas McCollum (GOL)
2 - Joffrey Lupul (GOL)
3 - Patrick Cehlin (GOL)

Power Play

Golden Knights - 0 on 6 Attempt(s) - 0,00%
Jets - 0 on 2 Attempt(s) - 0,00%

Penalty Kill

Golden Knights - 2 on 2 Attempt(s) - 100,00% - Score 0 goal in Penalty Kill
Jets - 6 on 6 Attempt(s) - 100,00% - Score 0 goal in Penalty Kill

Team Stat

Golden Knights - Hits : 22 - Faceoff Wins : 45 - Blocked Shots : 9 - Penalty Minutes : 4
Jets - Hits : 25 - Faceoff Wins : 51 - Blocked Shots : 6 - Penalty Minutes : 12

Official

Referees : Francis Charron and Graham Skiliter
Linesman : Mark Wheler and Jack Millea

Game Notes

Mike Fisher is injured at 17:41 of 2nd period (Broken Nose)

Finance

Level 1 -- Attendance: 4055 (67,58%) -- Ticket Income 547 425 $
Level 2 -- Attendance: 4562 (91,24%) -- Ticket Income 342 150 $
Level 3 -- Attendance: 2114 (93,96%) -- Ticket Income 95 130 $
Level 4 -- Attendance: 3399 (84,98%) -- Ticket Income 118 965 $
Luxury Box -- Attendance: 1660 (94,86%) -- Ticket Income 413 340 $
Game was played at the Copps Coliseum.
Total Attendance: 15790 (83,11%)
Total Ticket Income: 1 517 010 $
Other Income: 743 335 $
Total Income: 2 260 345 $

Golden Knights

5 vs 5 Forward 
   Center                   Left Wing                Right Wing               Time % Phy DF OF 
 1 Ville Leino              Niklas Hagman            Joffrey Lupul            35     0   3  2  
 2 Matt Ellison             Viktor Tikhonov          Kyle Beach               35     0   3  2  
 3 Ryan Russell             David Perron             Linus Omark              30     0   3  2  
 4 Dennis Everberg          John McCarthy            Patrick Cehlin           0      0   3  2  

5 vs 5 Defense 
   Defense                  Defense                                           Time % Phy DF OF 
 1 Zdeno Chara              Sean Sullivan                                     32     1   3  1  
 2 Matt Carle               Barret Jackman                                    32     1   3  1  
 3 Josef Boumedienne        Jay Harrison                                      20     1   4  0  
 4 Zdeno Chara              Sean Sullivan                                     16     1   4  0  

PowerPlay Forward 
   Center                   Left Wing                Right Wing               Time % Phy DF OF 
 1 Ville Leino              Niklas Hagman            Joffrey Lupul            60     0   0  5  
 2 Matt Ellison             Viktor Tikhonov          Kyle Beach               40     0   0  5  

PowerPlay Defense
   Defense                  Defense                                           Time % Phy DF OF 
 1 Zdeno Chara              Matt Carle                                        60     0   1  4  
 2 Jay Harrison             Sean Sullivan                                     40     0   1  4  

Penalty Kill 4 Players Forward 
   Center                   Wing                     Time % Phy DF OF 
 1 Ryan Russell             David Perron             60     0   5  0  
 2 Viktor Tikhonov          Niklas Hagman            40     0   5  0  

Penalty Kill 4 Players Defense
   Defense                  Defense                  Time % Phy DF OF 
 1 Sean Sullivan            Barret Jackman           60     1   4  0  
 2 Zdeno Chara              Josef Boumedienne        40     1   4  0  

Penalty Kill - 3 Players Forward 
   Forward                                           Time % Phy DF OF 
 1 Ryan Russell                                      60     0   5  0  
 2 Viktor Tikhonov                                   40     0   5  0  

Penalty Kill - 3 Players Defense
   Defense                  Defense                  Time % Phy DF OF 
 1 Sean Sullivan            Barret Jackman           60     1   4  0  
 2 Zdeno Chara              Josef Boumedienne        40     1   4  0  

4 vs 4 Forward 
   Center                   Wing                     Time % Phy DF OF 
 1 Ville Leino              Joffrey Lupul            60     0   3  2  
 2 Matt Ellison             Kyle Beach               40     0   3  2  

4 vs 4 Defense
   Defense                  Defense                  Time % Phy DF OF 
 1 Zdeno Chara              Sean Sullivan            60     1   3  1  
 2 Matt Carle               Barret Jackman           40     1   3  1  

Last Minutes Offensive
   Center                   Left Wing                Right Wing               Defense                  Defense                  
   Ville Leino              Niklas Hagman            Joffrey Lupul            Zdeno Chara              Matt Carle               

Last Minutes Defensive
   Center                   Left Wing                Right Wing               Defense                  Defense                  
   Ryan Russell             Viktor Tikhonov          Niklas Hagman            Sean Sullivan            Barret Jackman           

Goaltenders
Starting : Thomas McCollum          
Backup : Brian Eklund             

Extra Forwards
Normal : Ryan Russell, David Perron, Joffrey Lupul - PP : Ryan Russell, David Perron - PK : Ville Leino
Extra Defensemen
Normal : Jay Harrison, Josef Boumedienne, Barret Jackman - PP : Josef Boumedienne - PK : Zdeno Chara, Jay Harrison
Penalty Shots
Niklas Hagman, Joffrey Lupul, David Perron, Ville Leino, Matt Ellison
Custom OT Lines Forwards
Ville Leino, Niklas Hagman, Joffrey Lupul, Matt Ellison, Ryan Russell, David Perron, Linus Omark, Viktor Tikhonov, Kyle Beach, Dennis Everberg
Custom OT Lines Defensemen
Zdeno Chara, Sean Sullivan, Matt Carle, Jay Harrison, Barret Jackman

Scratches
Ben Walter (Healthy), Dan Fritsche (Healthy), Josh Gorges (Strained Left Elbow Injury), Mike Weaver (Right Forearm Injury)

Jets

5 vs 5 Forward 
   Center                   Left Wing                Right Wing               Time % Phy DF OF 
 1 Mike Fisher              Tomas Surovy             Josh Bailey              40     1   2  2  
 2 *Nico Hischier           Gustav Nyquist           Sam Reinhart             28     1   2  2  
 3 Raffi Torres             Anthony Beauvillier      Brent Aubin              25     1   2  2  
 4 Anthony Beauvillier      Pavel Vorobiev           Tim Jackman              7      1   2  2  

5 vs 5 Defense 
   Defense                  Defense                                           Time % Phy DF OF 
 1 Marc-Edouard Vlasic      Ryan Ellis                                        40     1   2  2  
 2 Jake Muzzin              Trevor Van Riemsdyk                               30     1   2  2  
 3 Mark Fraser              Brett Kulak                                       20     1   2  2  
 4 Ryan Ellis               Brent Aubin                                       10     1   2  2  

PowerPlay Forward 
   Center                   Left Wing                Right Wing               Time % Phy DF OF 
 1 *Nico Hischier           Tomas Surovy             Josh Bailey              60     1   2  2  
 2 Sam Reinhart             Gustav Nyquist           Pavel Vorobiev           40     1   2  2  

PowerPlay Defense
   Defense                  Defense                                           Time % Phy DF OF 
 1 Brent Aubin              Jake Muzzin                                       60     1   2  2  
 2 Ryan Ellis               Marc-Edouard Vlasic                               40     1   2  2  

Penalty Kill 4 Players Forward 
   Center                   Wing                     Time % Phy DF OF 
 1 Mike Fisher              Tomas Surovy             60     1   2  2  
 2 Josh Bailey              Gustav Nyquist           40     1   2  2  

Penalty Kill 4 Players Defense
   Defense                  Defense                  Time % Phy DF OF 
 1 Brent Aubin              Jake Muzzin              60     1   2  2  
 2 Ryan Ellis               Marc-Edouard Vlasic      40     1   2  2  

Penalty Kill - 3 Players Forward 
   Forward                                           Time % Phy DF OF 
 1 Mike Fisher                                       60     1   2  2  
 2 Tomas Surovy                                      40     1   2  2  

Penalty Kill - 3 Players Defense
   Defense                  Defense                  Time % Phy DF OF 
 1 Brent Aubin              Jake Muzzin              60     1   2  2  
 2 Ryan Ellis               Marc-Edouard Vlasic      40     1   2  2  

4 vs 4 Forward 
   Center                   Wing                     Time % Phy DF OF 
 1 Mike Fisher              Tomas Surovy             60     1   2  2  
 2 Josh Bailey              Gustav Nyquist           40     1   2  2  

4 vs 4 Defense
   Defense                  Defense                  Time % Phy DF OF 
 1 Brent Aubin              Jake Muzzin              60     1   2  2  
 2 Ryan Ellis               Marc-Edouard Vlasic      40     1   2  2  

Last Minutes Offensive
   Center                   Left Wing                Right Wing               Defense                  Defense                  
   Mike Fisher              Tomas Surovy             Josh Bailey              Brent Aubin              Jake Muzzin              

Last Minutes Defensive
   Center                   Left Wing                Right Wing               Defense                  Defense                  
   Mike Fisher              Tomas Surovy             Josh Bailey              Brent Aubin              Jake Muzzin              

Goaltenders
Starting : Maxime Daigneault        
Backup : Sergei Bobrovsky         

Extra Forwards
Normal : Brent Aubin, *Nico Hischier, Anthony Beauvillier - PP : Tomas Surovy, *Nico Hischier - PK : Anthony Beauvillier
Extra Defensemen
Normal : Mark Fraser, Trevor Van Riemsdyk, Brett Kulak - PP : Mark Fraser - PK : Trevor Van Riemsdyk, Brett Kulak
Penalty Shots
Mike Fisher, Tomas Surovy, Brent Aubin, Josh Bailey, Gustav Nyquist
Custom OT Lines Forwards
Mike Fisher, Tomas Surovy, Brent Aubin, Josh Bailey, Gustav Nyquist, Pavel Vorobiev, Sam Reinhart, Raffi Torres, *Nico Hischier, Anthony Beauvillier
Custom OT Lines Defensemen
Brent Aubin, Jake Muzzin, Ryan Ellis, Marc-Edouard Vlasic, Mark Fraser

Scratches
Tyler Ennis (Sprained Right Knee Injury), Randall Gelech (Bruised Right Foot Injury)

% Time on Ice - Golden Knights

Lines # - Real PCT - Wanted PCT - Time Play
Normal Forward
1 - 33% - 35% - 15:21
2 - 32% - 35% - 14:54
3 - 28% - 30% - 13:09
4 - 6% - 0% - 2:53
Normal Defense
1 - 29% - 32% - 13:30
2 - 39% - 32% - 17:54
3 - 22% - 20% - 10:10
4 - 10% - 16% - 4:43
PP Forward
1 - 55% - 60% - 5:21
2 - 45% - 40% - 4:24
PP Defense
1 - 48% - 60% - 4:42
2 - 52% - 40% - 5:03
PK Forward
1 - 79% - 60% - 3:07
2 - 21% - 40% - 0:51
PK Defense
1 - 49% - 60% - 1:56
2 - 51% - 40% - 2:02
PK3 Forward
1 - 0% - 60%
2 - 0% - 40%
PK3 Defense
1 - 0% - 60%
2 - 0% - 40%
44 Forward
1 - 0% - 60%
2 - 0% - 40%
44 Defense
1 - 0% - 60%
2 - 0% - 40%
Last Minute Offensive  - 0:00
Last Minute Defensive  - 0:00
Total
Forward - 60:00
Defense - 60:00

% Time on Ice - Jets

Lines # - Real PCT - Wanted PCT - Time Play
Normal Forward
1 - 36% - 40% - 16:42
2 - 30% - 28% - 13:44
3 - 18% - 25% - 8:31
4 - 16% - 7% - 7:20
Normal Defense
1 - 34% - 40% - 15:31
2 - 35% - 30% - 16:02
3 - 29% - 20% - 13:13
4 - 3% - 10% - 1:31
PP Forward
1 - 45% - 60% - 1:46
2 - 55% - 40% - 2:12
PP Defense
1 - 61% - 60% - 2:25
2 - 39% - 40% - 1:33
PK Forward
1 - 96% - 60% - 7:19
2 - 4% - 40% - 0:17
PK Defense
1 - 60% - 60% - 4:35
2 - 40% - 40% - 3:01
PK3 Forward
1 - 100% - 60% - 2:09
2 - 0% - 40% - 0:00
PK3 Defense
1 - 35% - 60% - 0:45
2 - 65% - 40% - 1:24
44 Forward
1 - 0% - 60%
2 - 0% - 40%
44 Defense
1 - 0% - 60%
2 - 0% - 40%
Last Minute Offensive  - 0:00
Last Minute Defensive  - 0:00
Total
Forward - 60:00
Defense - 60:00

Play by Play

1st period


0:01 of 1st period - Ville Leino wins face-off versus Mike Fisher in neutral zone.
0:08 of 1st period - Shot by Joffrey Lupul.
0:08 of 1st period - Shot Misses the Net.
0:10 of 1st period - Shot by Niklas Hagman.
0:10 of 1st period - Stopped by Maxime Daigneault without a rebound.
0:11 of 1st period - *Nico Hischier wins face-off versus Matt Ellison in Jets zone.
0:11 of 1st period - *Nico Hischier is hit by Viktor Tikhonov.
0:32 of 1st period - Icing by Viktor Tikhonov.
0:33 of 1st period - Matt Ellison wins face-off versus Raffi Torres in Golden Knights zone.
0:33 of 1st period - Matt Ellison is hit by Brent Aubin.
1:23 of 1st period - Shot by David Perron.
1:23 of 1st period - Shot Misses the Net.
1:29 of 1st period - Shot by Tomas Surovy.
1:29 of 1st period - Shot Misses the Net.
1:31 of 1st period - Shot by Mike Fisher.
1:31 of 1st period - Stopped by Thomas McCollum without a rebound.
1:32 of 1st period - *Nico Hischier wins face-off versus Ville Leino in Golden Knights zone.
1:32 of 1st period - Jake Muzzin is hit by Zdeno Chara and loses puck.
2:07 of 1st period - Shot by Gustav Nyquist.
2:07 of 1st period - Goal by Gustav Nyquist - Golden Knights : 0 - Jets : 1.
2:08 of 1st period - Ryan Russell wins face-off versus Mike Fisher in neutral zone.
2:25 of 1st period - Shot by Mike Fisher.
2:25 of 1st period - Stopped by Thomas McCollum without a rebound.
2:26 of 1st period - Anthony Beauvillier wins face-off versus Dennis Everberg in Golden Knights zone.
3:24 of 1st period - Joffrey Lupul is hit by Tomas Surovy and loses puck.
3:29 of 1st period - Sean Sullivan is hit by Mike Fisher and loses puck.
4:25 of 1st period - Off-side.
4:26 of 1st period - Raffi Torres wins face-off versus Matt Ellison in neutral zone.
4:30 of 1st period - Brent Aubin is hit by Jay Harrison and loses puck.
4:51 of 1st period - Matt Ellison is hit by Ryan Ellis and loses puck.
5:16 of 1st period - Shot by Barret Jackman.
5:16 of 1st period - Stopped by Maxime Daigneault without a rebound.
5:17 of 1st period - Ryan Russell wins face-off versus Mike Fisher in Jets zone.
5:46 of 1st period - Linus Omark is hit by Mark Fraser.
5:48 of 1st period - Shot by Ryan Russell.
5:48 of 1st period - Shot Misses the Net.
6:02 of 1st period - Minor Penalty to Mark Fraser for Cross-checking.
6:03 of 1st period - Ville Leino wins face-off versus Mike Fisher in Jets zone.
6:10 of 1st period - Shot by Joffrey Lupul.
6:10 of 1st period - Stopped by Maxime Daigneault without a rebound.
6:11 of 1st period - Ville Leino wins face-off versus Tomas Surovy in Jets zone.
6:14 of 1st period - Shot by Jay Harrison.
6:14 of 1st period - Stopped by Maxime Daigneault without a rebound.
6:15 of 1st period - Mike Fisher wins face-off versus Ville Leino in Jets zone.
6:25 of 1st period - Joffrey Lupul is hit by Brent Aubin and loses puck.
6:36 of 1st period - Shot by Zdeno Chara.
6:36 of 1st period - Shot Misses the Net.
6:49 of 1st period - Minor Penalty to Brent Aubin for Hooking.
6:50 of 1st period - Anthony Beauvillier wins face-off versus Matt Ellison in Jets zone.
8:16 of 1st period - Icing by Zdeno Chara.
8:17 of 1st period - Mike Fisher wins face-off versus Ville Leino in Golden Knights zone.
8:40 of 1st period - Viktor Tikhonov is hit by Tomas Surovy and loses puck.
9:07 of 1st period - Minor Penalty to Linus Omark for Roughing.
9:08 of 1st period - Sam Reinhart wins face-off versus Ryan Russell in Golden Knights zone.
9:33 of 1st period - Shot by Marc-Edouard Vlasic.
9:33 of 1st period - Stopped by Thomas McCollum without a rebound.
9:34 of 1st period - Ryan Russell wins face-off versus Josh Bailey in Golden Knights zone.
9:53 of 1st period - Shot by Brent Aubin.
9:53 of 1st period - Shot Misses the Net.
9:55 of 1st period - Shot by Jake Muzzin.
9:55 of 1st period - Stopped by Thomas McCollum without a rebound.
9:56 of 1st period - Sam Reinhart wins face-off versus Viktor Tikhonov in Golden Knights zone.
10:03 of 1st period - Shot by Gustav Nyquist.
10:03 of 1st period - Shot Misses the Net.
10:05 of 1st period - Shot by Pavel Vorobiev.
10:05 of 1st period - Stopped by Thomas McCollum without a rebound.
10:06 of 1st period - Ryan Russell wins face-off versus *Nico Hischier in Golden Knights zone.
10:06 of 1st period - Ryan Russell is hit by Tomas Surovy.
10:30 of 1st period - Shot by Tomas Surovy.
10:30 of 1st period - Stopped by Thomas McCollum without a rebound.
10:31 of 1st period - Sam Reinhart wins face-off versus Ryan Russell in Golden Knights zone.
10:36 of 1st period - Shot by Gustav Nyquist.
10:36 of 1st period - Shot Misses the Net.
10:38 of 1st period - Shot by Marc-Edouard Vlasic.
10:38 of 1st period - Deflect By Sam Reinhart.
10:38 of 1st period - Shot Misses the Net.
10:52 of 1st period - Shot by Pavel Vorobiev.
10:52 of 1st period - Shot Blocked by Barret Jackman.
10:54 of 1st period - Shot by Gustav Nyquist.
10:54 of 1st period - Stopped by Thomas McCollum without a rebound.
10:55 of 1st period - *Nico Hischier wins face-off versus Ryan Russell in Golden Knights zone.
11:10 of 1st period - Shot by *Nico Hischier.
11:10 of 1st period - Stopped by Thomas McCollum without a rebound.
11:11 of 1st period - Matt Ellison wins face-off versus *Nico Hischier in Golden Knights zone.
13:03 of 1st period - Off-side.
13:04 of 1st period - Raffi Torres wins face-off versus Dennis Everberg in neutral zone.
13:31 of 1st period - Shot by Dennis Everberg.
13:31 of 1st period - Stopped by Maxime Daigneault without a rebound.
13:32 of 1st period - *Nico Hischier wins face-off versus Viktor Tikhonov in Jets zone.
14:27 of 1st period - Icing by Zdeno Chara.
14:28 of 1st period - Ville Leino wins face-off versus Mike Fisher in Golden Knights zone.
14:35 of 1st period - Shot by Josh Bailey.
14:35 of 1st period - Deflect By Tomas Surovy.
14:35 of 1st period - Shot Misses the Net.
14:39 of 1st period - Shot by Mike Fisher.
14:39 of 1st period - Shot Misses the Net.
14:41 of 1st period - Shot by Trevor Van Riemsdyk.
14:41 of 1st period - Shot Misses the Net.
15:00 of 1st period - Tomas Surovy is hit by Zdeno Chara.
15:04 of 1st period - Shot by Mike Fisher.
15:04 of 1st period - Stopped by Thomas McCollum without a rebound.
15:05 of 1st period - Raffi Torres wins face-off versus Ryan Russell in Golden Knights zone.
15:28 of 1st period - David Perron is hit by Brent Aubin and loses puck.
15:57 of 1st period - Matt Carle is hit by Tomas Surovy and loses puck.
16:11 of 1st period - Icing by Ryan Ellis.
16:12 of 1st period - Mike Fisher wins face-off versus Matt Ellison in Jets zone.
16:12 of 1st period - Mike Fisher is hit by Viktor Tikhonov.
16:18 of 1st period - Viktor Tikhonov is hit by Tomas Surovy and loses puck.
17:08 of 1st period - Shot by *Nico Hischier.
17:08 of 1st period - Stopped by Thomas McCollum without a rebound.
17:09 of 1st period - Raffi Torres wins face-off versus Ville Leino in Golden Knights zone.
18:16 of 1st period - Shot by David Perron.
18:16 of 1st period - Shot Misses the Net.
18:19 of 1st period - Icing by Brett Kulak.
18:20 of 1st period - Raffi Torres wins face-off versus Matt Ellison in Jets zone.
19:02 of 1st period - Shot by Matt Ellison.
19:02 of 1st period - Stopped by Maxime Daigneault with a rebound.
19:04 of 1st period - Shot by Zdeno Chara.
19:04 of 1st period - Stopped by Maxime Daigneault without a rebound.
19:05 of 1st period - Ville Leino wins face-off versus *Nico Hischier in Jets zone.
19:25 of 1st period - Icing by *Nico Hischier.
19:26 of 1st period - Ryan Russell wins face-off versus *Nico Hischier in Jets zone.
19:46 of 1st period - Icing by Trevor Van Riemsdyk.
19:47 of 1st period - *Nico Hischier wins face-off versus Ville Leino in Jets zone.
19:47 of 1st period - *Nico Hischier is hit by Joffrey Lupul.
Goals for this period are 0 for Golden Knights vs 1 for Jets.
Shots for this period are 7 for Golden Knights vs 11 for Jets.

2nd period


0:01 of 2nd period - Kyle Beach wins face-off versus Mike Fisher in neutral zone.
0:25 of 2nd period - Shot by Tomas Surovy.
0:25 of 2nd period - Shot Misses the Net.
0:37 of 2nd period - Shot by Kyle Beach.
0:37 of 2nd period - Shot Blocked by Ryan Ellis.
0:39 of 2nd period - Shot by Kyle Beach.
0:39 of 2nd period - Stopped by Maxime Daigneault without a rebound.
0:40 of 2nd period - Ville Leino wins face-off versus *Nico Hischier in Jets zone.
1:14 of 2nd period - Sam Reinhart is hit by Barret Jackman and loses puck.
1:32 of 2nd period - Matt Carle is hit by Mark Fraser and loses puck.
1:47 of 2nd period - Shot by Brent Aubin.
1:47 of 2nd period - Shot Misses the Net.
1:59 of 2nd period - Icing by Brent Aubin.
2:00 of 2nd period - Raffi Torres wins face-off versus Matt Ellison in Jets zone.
2:19 of 2nd period - Brent Aubin is hit by Viktor Tikhonov.
2:36 of 2nd period - Shot by Kyle Beach.
2:36 of 2nd period - Deflect By Viktor Tikhonov.
2:36 of 2nd period - Stopped by Maxime Daigneault without a rebound.
2:37 of 2nd period - Ryan Russell wins face-off versus Mike Fisher in Jets zone.
2:49 of 2nd period - Shot by Ryan Russell.
2:49 of 2nd period - Stopped by Maxime Daigneault without a rebound.
2:50 of 2nd period - *Nico Hischier wins face-off versus Ville Leino in Jets zone.
3:07 of 2nd period - Shot by Sam Reinhart.
3:07 of 2nd period - Stopped by Thomas McCollum without a rebound.
3:08 of 2nd period - Ryan Russell wins face-off versus Mike Fisher in Golden Knights zone.
3:08 of 2nd period - Ryan Russell is hit by Tomas Surovy.
3:22 of 2nd period - Shot by David Perron.
3:22 of 2nd period - Shot Misses the Net.
3:24 of 2nd period - Shot by Zdeno Chara.
3:24 of 2nd period - Stopped by Maxime Daigneault without a rebound.
3:25 of 2nd period - *Nico Hischier wins face-off versus Matt Ellison in Jets zone.
3:53 of 2nd period - *Nico Hischier is hit by Barret Jackman and loses puck.
4:05 of 2nd period - Sam Reinhart is hit by Matt Carle and loses puck.
4:30 of 2nd period - Josh Bailey is hit by Matt Carle and loses puck.
4:39 of 2nd period - Shot by Josh Bailey.
4:39 of 2nd period - Shot Misses the Net.
4:41 of 2nd period - Shot by Josh Bailey.
4:41 of 2nd period - Stopped by Thomas McCollum without a rebound.
4:42 of 2nd period - Anthony Beauvillier wins face-off versus Ryan Russell in Golden Knights zone.
5:14 of 2nd period - Shot by Anthony Beauvillier.
5:14 of 2nd period - Stopped by Thomas McCollum with a rebound.
5:28 of 2nd period - Shot by Linus Omark.
5:28 of 2nd period - Shot Blocked by Brett Kulak.
5:34 of 2nd period - David Perron is hit by Anthony Beauvillier.
5:43 of 2nd period - Icing by Tim Jackman.
5:44 of 2nd period - Ville Leino wins face-off versus Anthony Beauvillier in Jets zone.
5:47 of 2nd period - Shot by Niklas Hagman.
5:47 of 2nd period - Stopped by Maxime Daigneault with a rebound.
6:23 of 2nd period - Shot by Niklas Hagman.
6:23 of 2nd period - Shot Misses the Net.
6:25 of 2nd period - Shot by Niklas Hagman.
6:25 of 2nd period - Shot Misses the Net.
6:27 of 2nd period - Shot by Josef Boumedienne.
6:27 of 2nd period - Stopped by Maxime Daigneault without a rebound.
6:28 of 2nd period - *Nico Hischier wins face-off versus Patrick Cehlin in Jets zone.
6:33 of 2nd period - Shot by Trevor Van Riemsdyk.
6:33 of 2nd period - Stopped by Thomas McCollum without a rebound.
6:34 of 2nd period - Matt Ellison wins face-off versus *Nico Hischier in Golden Knights zone.
6:59 of 2nd period - Icing by Ryan Ellis.
7:00 of 2nd period - *Nico Hischier wins face-off versus Ryan Russell in Jets zone.
7:16 of 2nd period - Shot by Sam Reinhart.
7:16 of 2nd period - Shot Misses the Net.
7:18 of 2nd period - Shot by Marc-Edouard Vlasic.
7:18 of 2nd period - Shot Blocked by Zdeno Chara.
7:45 of 2nd period - Shot by Trevor Van Riemsdyk.
7:45 of 2nd period - Stopped by Thomas McCollum without a rebound.
7:46 of 2nd period - Raffi Torres wins face-off versus Ville Leino in Golden Knights zone.
7:46 of 2nd period - Raffi Torres is hit by Matt Carle.
7:58 of 2nd period - Shot by Trevor Van Riemsdyk.
7:58 of 2nd period - Shot Blocked by Niklas Hagman.
8:00 of 2nd period - Shot by Raffi Torres.
8:00 of 2nd period - Deflect By Anthony Beauvillier.
8:00 of 2nd period - Shot Hit the Post.
8:02 of 2nd period - Shot by Raffi Torres.
8:02 of 2nd period - Shot Misses the Net.
8:04 of 2nd period - Shot by Anthony Beauvillier.
8:04 of 2nd period - Stopped by Thomas McCollum with a rebound.
8:54 of 2nd period - Shot by Tomas Surovy.
8:54 of 2nd period - Shot Misses the Net.
8:56 of 2nd period - Shot by Tomas Surovy.
8:56 of 2nd period - Shot Misses the Net.
9:03 of 2nd period - Josh Bailey is hit by Barret Jackman and loses puck.
9:38 of 2nd period - Shot by Kyle Beach.
9:38 of 2nd period - Stopped by Maxime Daigneault without a rebound.
9:39 of 2nd period - Ryan Russell wins face-off versus Tim Jackman in Jets zone.
9:46 of 2nd period - Ryan Ellis is hit by David Perron and loses puck.
10:15 of 2nd period - Shot by David Perron.
10:15 of 2nd period - Stopped by Maxime Daigneault without a rebound.
10:16 of 2nd period - Mike Fisher wins face-off versus Matt Ellison in Jets zone.
10:32 of 2nd period - Icing by Zdeno Chara.
10:33 of 2nd period - *Nico Hischier wins face-off versus Matt Ellison in Golden Knights zone.
10:34 of 2nd period - Shot by Mark Fraser.
10:34 of 2nd period - Stopped by Thomas McCollum without a rebound.
10:35 of 2nd period - Mike Fisher wins face-off versus Ryan Russell in Golden Knights zone.
10:37 of 2nd period - Minor Penalty to Zdeno Chara for Hooking.
10:38 of 2nd period - *Nico Hischier wins face-off versus Ryan Russell in Golden Knights zone.
10:51 of 2nd period - Shot by Jake Muzzin.
10:51 of 2nd period - Stopped by Thomas McCollum without a rebound.
10:52 of 2nd period - Sam Reinhart wins face-off versus Ryan Russell in Golden Knights zone.
11:17 of 2nd period - Shot by Gustav Nyquist.
11:17 of 2nd period - Stopped by Thomas McCollum without a rebound.
11:18 of 2nd period - Ryan Russell wins face-off versus *Nico Hischier in Golden Knights zone.
11:31 of 2nd period - Shot by Ryan Ellis.
11:31 of 2nd period - Shot Misses the Net.
11:33 of 2nd period - Shot by Marc-Edouard Vlasic.
11:33 of 2nd period - Deflect By *Nico Hischier.
11:33 of 2nd period - Stopped by Thomas McCollum without a rebound.
11:34 of 2nd period - Ryan Russell wins face-off versus Gustav Nyquist in Golden Knights zone.
12:13 of 2nd period - Shot by Pavel Vorobiev.
12:13 of 2nd period - Stopped by Thomas McCollum with a rebound.
12:15 of 2nd period - Shot by Sam Reinhart.
12:15 of 2nd period - Deflect By Gustav Nyquist.
12:15 of 2nd period - Shot Blocked by Josef Boumedienne.
12:26 of 2nd period - Off-side.
12:27 of 2nd period - *Nico Hischier wins face-off versus Viktor Tikhonov in neutral zone.
12:34 of 2nd period - Shot by *Nico Hischier.
12:34 of 2nd period - Stopped by Thomas McCollum without a rebound.
12:35 of 2nd period - Viktor Tikhonov wins face-off versus *Nico Hischier in Golden Knights zone.
12:51 of 2nd period - Icing by Zdeno Chara.
12:52 of 2nd period - Raffi Torres wins face-off versus Matt Ellison in Golden Knights zone.
13:08 of 2nd period - Jake Muzzin is hit by Zdeno Chara and loses puck.
14:39 of 2nd period - Shot by Ryan Russell.
14:39 of 2nd period - Shot Blocked by Brett Kulak.
14:41 of 2nd period - Shot by David Perron.
14:41 of 2nd period - Shot Misses the Net.
14:43 of 2nd period - Shot by Ryan Russell.
14:43 of 2nd period - Shot Misses the Net.
14:45 of 2nd period - Shot by Jay Harrison.
14:45 of 2nd period - Stopped by Maxime Daigneault without a rebound.
14:46 of 2nd period - Tim Jackman wins face-off versus Dennis Everberg in Jets zone.
15:09 of 2nd period - Shot by Patrick Cehlin.
15:09 of 2nd period - Goal by Patrick Cehlin - Golden Knights : 1 - Jets : 1.
15:10 of 2nd period - Matt Ellison wins face-off versus *Nico Hischier in neutral zone.
15:22 of 2nd period - *Nico Hischier is hit by Jay Harrison and loses puck.
15:47 of 2nd period - Shot by Kyle Beach.
15:47 of 2nd period - Shot Misses the Net.
16:34 of 2nd period - Off-side.
16:35 of 2nd period - Ville Leino wins face-off versus Tomas Surovy in neutral zone.
16:59 of 2nd period - Joffrey Lupul is hit by Ryan Ellis and loses puck.
17:18 of 2nd period - Shot by Joffrey Lupul.
17:18 of 2nd period - Deflect By Ville Leino.
17:18 of 2nd period - Stopped by Maxime Daigneault without a rebound.
17:19 of 2nd period - Anthony Beauvillier wins face-off versus Matt Ellison in Jets zone.
17:21 of 2nd period - Icing by Brent Aubin.
17:22 of 2nd period - Ryan Russell wins face-off versus Brent Aubin in Jets zone.
17:28 of 2nd period - Shot by Sean Sullivan.
17:28 of 2nd period - Stopped by Maxime Daigneault without a rebound.
17:29 of 2nd period - Raffi Torres wins face-off versus Kyle Beach in Jets zone.
17:39 of 2nd period - Minor Penalty to Mark Fraser for Goalie Interference.
17:40 of 2nd period - Mike Fisher wins face-off versus Ville Leino in Jets zone.
17:40 of 2nd period - Mike Fisher is hit by Joffrey Lupul.
17:41 of 2nd period - Mike Fisher from Jets is injured at 17:41 of 2nd period (Broken Nose).
17:42 of 2nd period - Anthony Beauvillier wins face-off versus Ville Leino in Jets zone.
17:42 of 2nd period - Anthony Beauvillier is hit by Zdeno Chara.
18:28 of 2nd period - Shot by Zdeno Chara.
18:28 of 2nd period - Deflect By Ville Leino.
18:28 of 2nd period - Stopped by Maxime Daigneault with a rebound.
18:48 of 2nd period - Jay Harrison is hit by Brent Aubin and loses puck.
19:53 of 2nd period - Shot by Pavel Vorobiev.
19:53 of 2nd period - Stopped by Thomas McCollum with a rebound.
Goals for this period are 1 for Golden Knights vs 0 for Jets.
Shots for this period are 13 for Golden Knights vs 13 for Jets.

3rd period


0:01 of 3rd period - Brent Aubin wins face-off versus Ville Leino in neutral zone.
0:10 of 3rd period - Shot by Tomas Surovy.
0:10 of 3rd period - Shot Blocked by Zdeno Chara.
0:12 of 3rd period - Shot by Josh Bailey.
0:12 of 3rd period - Shot Blocked by Zdeno Chara.
0:17 of 3rd period - Icing by Zdeno Chara.
0:18 of 3rd period - Ville Leino wins face-off versus *Nico Hischier in Golden Knights zone.
0:44 of 3rd period - Shot by Gustav Nyquist.
0:44 of 3rd period - Shot Blocked by Niklas Hagman.
0:46 of 3rd period - Shot by Trevor Van Riemsdyk.
0:46 of 3rd period - Shot Blocked by Niklas Hagman.
0:54 of 3rd period - Shot by Gustav Nyquist.
0:54 of 3rd period - Shot Misses the Net.
0:56 of 3rd period - Shot by Jake Muzzin.
0:56 of 3rd period - Stopped by Thomas McCollum without a rebound.
0:57 of 3rd period - Brent Aubin wins face-off versus Matt Ellison in Golden Knights zone.
0:58 of 3rd period - Shot by Tomas Surovy.
0:58 of 3rd period - Stopped by Thomas McCollum without a rebound.
0:59 of 3rd period - Matt Ellison wins face-off versus Brent Aubin in Golden Knights zone.
0:59 of 3rd period - Barret Jackman is hit by Tomas Surovy.
1:00 of 3rd period - Icing by Barret Jackman.
1:01 of 3rd period - Matt Ellison wins face-off versus Brent Aubin in Golden Knights zone.
1:01 of 3rd period - Matt Ellison is hit by Tomas Surovy.
1:06 of 3rd period - Viktor Tikhonov is hit by Ryan Ellis.
1:28 of 3rd period - Shot by Marc-Edouard Vlasic.
1:28 of 3rd period - Stopped by Thomas McCollum with a rebound.
1:45 of 3rd period - Matt Ellison is hit by Ryan Ellis and loses puck.
1:55 of 3rd period - Off-side.
1:56 of 3rd period - *Nico Hischier wins face-off versus Ryan Russell in neutral zone.
2:02 of 3rd period - Icing by David Perron.
2:03 of 3rd period - *Nico Hischier wins face-off versus Ryan Russell in Golden Knights zone.
2:10 of 3rd period - Icing by Sean Sullivan.
2:11 of 3rd period - Ryan Russell wins face-off versus *Nico Hischier in Golden Knights zone.
2:30 of 3rd period - Shot by Linus Omark.
2:30 of 3rd period - Deflect By Ryan Russell.
2:30 of 3rd period - Stopped by Maxime Daigneault with a rebound.
2:42 of 3rd period - Shot by Linus Omark.
2:42 of 3rd period - Shot Blocked by Jake Muzzin.
2:55 of 3rd period - Icing by Zdeno Chara.
2:56 of 3rd period - Brent Aubin wins face-off versus David Perron in Golden Knights zone.
3:28 of 3rd period - Shot by Tomas Surovy.
3:28 of 3rd period - Stopped by Thomas McCollum without a rebound.
3:29 of 3rd period - Ville Leino wins face-off versus Anthony Beauvillier in Golden Knights zone.
3:35 of 3rd period - Ville Leino is hit by Mark Fraser and loses puck.
4:03 of 3rd period - Shot by Ville Leino.
4:03 of 3rd period - Shot Misses the Net.
4:05 of 3rd period - Shot by Jay Harrison.
4:05 of 3rd period - Shot Blocked by Mark Fraser.
4:07 of 3rd period - Shot by Niklas Hagman.
4:07 of 3rd period - Shot Misses the Net.
4:09 of 3rd period - Shot by Joffrey Lupul.
4:09 of 3rd period - Goal by Joffrey Lupul - Golden Knights : 2 - Jets : 1.
4:10 of 3rd period - Matt Ellison wins face-off versus Brent Aubin in neutral zone.
4:31 of 3rd period - Shot by Viktor Tikhonov.
4:31 of 3rd period - Stopped by Maxime Daigneault with a rebound.
4:33 of 3rd period - Shot by Barret Jackman.
4:33 of 3rd period - Stopped by Maxime Daigneault without a rebound.
4:34 of 3rd period - Gustav Nyquist wins face-off versus Dennis Everberg in Jets zone.
4:34 of 3rd period - Gustav Nyquist is hit by Zdeno Chara.
4:52 of 3rd period - Shot by Gustav Nyquist.
4:52 of 3rd period - Stopped by Thomas McCollum without a rebound.
4:53 of 3rd period - Brent Aubin wins face-off versus Matt Ellison in Golden Knights zone.
5:02 of 3rd period - Shot by Josh Bailey.
5:02 of 3rd period - Shot Misses the Net.
5:53 of 3rd period - Icing by Sean Sullivan.
5:54 of 3rd period - Ville Leino wins face-off versus *Nico Hischier in Golden Knights zone.
6:04 of 3rd period - Off-side.
6:05 of 3rd period - Ryan Russell wins face-off versus Anthony Beauvillier in neutral zone.
6:09 of 3rd period - Minor Penalty to Mark Fraser for Hooking.
6:10 of 3rd period - Ville Leino wins face-off versus Anthony Beauvillier in Jets zone.
6:10 of 3rd period - Zdeno Chara is hit by Brent Aubin and loses puck.
6:13 of 3rd period - Shot by Matt Carle.
6:13 of 3rd period - Stopped by Maxime Daigneault without a rebound.
6:14 of 3rd period - Ville Leino wins face-off versus Anthony Beauvillier in Jets zone.
8:42 of 3rd period - Shot by David Perron.
8:42 of 3rd period - Shot Misses the Net.
9:03 of 3rd period - Shot by Jake Muzzin.
9:03 of 3rd period - Shot Misses the Net.
9:05 of 3rd period - Shot by Jake Muzzin.
9:05 of 3rd period - Stopped by Thomas McCollum without a rebound.
9:06 of 3rd period - Ville Leino wins face-off versus *Nico Hischier in Golden Knights zone.
9:27 of 3rd period - Shot by Gustav Nyquist.
9:27 of 3rd period - Shot Misses the Net.
9:37 of 3rd period - Shot by Gustav Nyquist.
9:37 of 3rd period - Shot Misses the Net.
9:39 of 3rd period - Shot by Marc-Edouard Vlasic.
9:39 of 3rd period - Shot Hit the Post.
10:45 of 3rd period - Icing by Barret Jackman.
10:46 of 3rd period - Matt Ellison wins face-off versus Pavel Vorobiev in Golden Knights zone.
10:46 of 3rd period - Matt Ellison is hit by Anthony Beauvillier.
11:15 of 3rd period - Minor Penalty to Mark Fraser for Slashing.
11:16 of 3rd period - Ville Leino wins face-off versus Sam Reinhart in Jets zone.
11:35 of 3rd period - Shot by Niklas Hagman.
11:35 of 3rd period - Stopped by Maxime Daigneault without a rebound.
11:36 of 3rd period - Matt Ellison wins face-off versus Anthony Beauvillier in Jets zone.
12:04 of 3rd period - Shot by Matt Carle.
12:04 of 3rd period - Stopped by Maxime Daigneault without a rebound.
12:05 of 3rd period - Ville Leino wins face-off versus Anthony Beauvillier in Jets zone.
12:12 of 3rd period - Shot by Ryan Ellis.
12:12 of 3rd period - Shot Blocked by Sean Sullivan.
12:14 of 3rd period - Shot by Marc-Edouard Vlasic.
12:14 of 3rd period - Stopped by Thomas McCollum without a rebound.
12:15 of 3rd period - Anthony Beauvillier wins face-off versus Ville Leino in Golden Knights zone.
12:17 of 3rd period - Minor Penalty to Tomas Surovy for Roughing.
12:18 of 3rd period - Anthony Beauvillier wins face-off versus Joffrey Lupul in Jets zone.
12:24 of 3rd period - Icing by Joffrey Lupul.
12:25 of 3rd period - Ville Leino wins face-off versus Anthony Beauvillier in Golden Knights zone.
12:42 of 3rd period - Shot by Jay Harrison.
12:42 of 3rd period - Stopped by Maxime Daigneault without a rebound.
12:43 of 3rd period - Matt Ellison wins face-off versus Anthony Beauvillier in Jets zone.
12:44 of 3rd period - Shot by Matt Carle.
12:44 of 3rd period - Stopped by Maxime Daigneault without a rebound.
12:45 of 3rd period - Ville Leino wins face-off versus Anthony Beauvillier in Jets zone.
12:50 of 3rd period - Shot by Zdeno Chara.
12:50 of 3rd period - Shot Misses the Net.
13:20 of 3rd period - Shot by Ville Leino.
13:20 of 3rd period - Stopped by Maxime Daigneault without a rebound.
13:21 of 3rd period - Sam Reinhart wins face-off versus Kyle Beach in Jets zone.
13:50 of 3rd period - Shot by Kyle Beach.
13:50 of 3rd period - Shot Misses the Net.
14:25 of 3rd period - Off-side.
14:26 of 3rd period - Brent Aubin wins face-off versus Ville Leino in neutral zone.
15:04 of 3rd period - Shot by Ville Leino.
15:04 of 3rd period - Goal by Ville Leino - Golden Knights : 3 - Jets : 1.
15:05 of 3rd period - Sam Reinhart wins face-off versus Ryan Russell in neutral zone.
15:22 of 3rd period - Shot by Sam Reinhart.
15:22 of 3rd period - Stopped by Thomas McCollum without a rebound.
15:23 of 3rd period - Tim Jackman wins face-off versus Matt Ellison in Golden Knights zone.
15:36 of 3rd period - Shot by Kyle Beach.
15:36 of 3rd period - Shot Blocked by Brett Kulak.
15:57 of 3rd period - Shot by Pavel Vorobiev.
15:57 of 3rd period - Stopped by Thomas McCollum without a rebound.
15:58 of 3rd period - Ville Leino wins face-off versus Brent Aubin in Golden Knights zone.
16:22 of 3rd period - Brent Aubin is hit by Joffrey Lupul and loses puck.
16:28 of 3rd period - Marc-Edouard Vlasic is hit by Zdeno Chara and loses puck.
16:33 of 3rd period - Shot by Brent Aubin.
16:33 of 3rd period - Deflect By Tomas Surovy.
16:33 of 3rd period - Stopped by Thomas McCollum without a rebound.
16:34 of 3rd period - Linus Omark wins face-off versus *Nico Hischier in Golden Knights zone.
16:34 of 3rd period - Linus Omark is hit by *Nico Hischier.
17:33 of 3rd period - Shot by Brent Aubin.
17:33 of 3rd period - Deflect By Anthony Beauvillier.
17:33 of 3rd period - Shot Hit the Post.
18:04 of 3rd period - Viktor Tikhonov is hit by Raffi Torres and loses puck.
18:29 of 3rd period - Mark Fraser is hit by Viktor Tikhonov and loses puck.
19:01 of 3rd period - Icing by Trevor Van Riemsdyk.
19:02 of 3rd period - Anthony Beauvillier wins face-off versus Ville Leino in Jets zone.
19:37 of 3rd period - Shot by Niklas Hagman.
19:37 of 3rd period - Stopped by Maxime Daigneault with a rebound.
Goals for this period are 2 for Golden Knights vs 0 for Jets.
Shots for this period are 12 for Golden Knights vs 10 for Jets.